[Event "Early-Titled-Tuesday-Blitz-May-07-2024"]
[Site "Chess.com"]
[Date "2024.05.07"]
[Round "2"]
[White "Sanyura"]
[Black "InitiatingASC"]
[Result "1-0"]
[WhiteElo "2618"]
[BlackElo "2385"]
[TimeControl "180+1"]
[EndTime "8:15:05 PDT"]
[Termination "Sanyura won by resignation"]

1. e4 e5 2. Nf3 Nf6 3. Nxe5 d6 4. Nf3 Nxe4 5. Nc3 Nxc3 6. dxc3 Be7 7. Be3 Nd7 8. Qd2 Ne5 9. O-O-O Nxf3 10. gxf3 Be6 11. Rg1 Bf6 12. Bd4 a6 13. Re1 Qe7 14. Qe3 O-O 15.
Qh6 Kh8 16. Rxg7 1-0

[Event "Early-Titled-Tuesday-Blitz-May-07-2024"]
[Site "Chess.com"]
[Date "2024.05.07"]
[Round "2"]
[White "Yerlan-Ra"]
[Black "mjray79"]
[Result "0-1"]
[WhiteElo "2488"]
[BlackElo "2735"]
[TimeControl "180+1"]
[EndTime "8:15:11 PDT"]
[Termination "mjray79 won by resignation"]

1. e4 c6 2. d4 d5 3. e5 Bf5 4. c4 Nd7 5. Nc3 e6 6. Nge2 h6 7. cxd5 exd5 8. Ng3 Bh7 9. Bd3 Bxd3 10. Qxd3 Bb4 11.
O-O Ne7 12. f4 Qb6 13. f5 Nxe5 14. Qe2 Qxd4+ 15. Kh1 Nc4 16. f6 gxf6 17. Nf5 Qe5 18. Qh5 Nxf5 19. Bf4 Ng3+ 20. Bxg3 Qxh5 21. Rae1+ Kd7 0-1

[Event "Early-Titled-Tuesday-Blitz-May-07-2024"]
[Site "Chess.com"]
[Date "2024.05.07"]
[Round "2"]
[White "Road2GM3000"]
[Black "cycygogne"]
[Result "1-0"]
[WhiteElo "2469"]
[BlackElo "2170"]
[TimeControl "180+1"]
[EndTime "8:15:13 PDT"]
[Termination "Road2GM3000 won by checkmate"]

1. d4 f5 2. c4 Nf6 3. Nc3 g6 4. Nf3 Bg7 5. g3 O-O 6. Bg2 d6 7. O-O c6 8. b3 Qe8 9. Bb2 e5 10. dxe5 dxe5 11. e4 Nxe4 12. Nxe4 fxe4 13. Ng5 Bf5 14.
Nxe4 Nd7 15. Qe2 Qe6 16. Rae1 Rae8 17. Rd1 Bg4 18. f3 Bh5 19. g4 Bh6 20. gxh5 Bf4 21.
hxg6 Qxg6 22. Ng3 h5 23. Qe4 Qg5 24. Rxd7 h4 25. Qh7# 1-0

[Event "Early-Titled-Tuesday-Blitz-May-07-2024"]
[Site "Chess.com"]
[Date "2024.05.07"]
[Round "2"]
[White "Let_it_be_1"]
[Black "Jospem"]
[Result "0-1"]
[WhiteElo "2647"]
[BlackElo "3063"]
[TimeControl "180+1"]
[EndTime "8:15:15 PDT"]
[Termination "Jospem won by resignation"]

1. e4 c5 2. Nf3 d6 3. d4 cxd4 4. Nxd4 a6 5. Nc3 e6 6. Be2 b5 7. O-O Bb7 8. Bf3 Nd7 9. Re1 Ngf6 10. a4 bxa4 11. Bh5 g6 12. Bg4 e5 13. Bxd7+ Qxd7 14. Nf3 Bg7 15. Bg5 O-O 16. Rxa4 Rfc8 17. b3 Rxc3 18. Bxf6 Bxf6 19. Qd2 Rc7 0-1

[Event "Early-Titled-Tuesday-Blitz-May-07-2024"]
[Site "Chess.com"]
[Date "2024.05.07"]
[Round "2"]
[White "wqws"]
[Black "AnnaChessLook"]
[Result "1-0"]
[WhiteElo "2693"]
[BlackElo "2301"]
[TimeControl "180+1"]
[EndTime "8:15:33 PDT"]
[Termination "wqws won by resignation"]

1. e4 c5 2. Nf3 Nc6 3. d4 cxd4 4.
Nxd4 g6 5. c4 Nf6 6. Nc3 d6 7. Be3 Ng4 8. Nc2 Nxe3 9. Nxe3 Bg7 10. Be2 O-O 11. O-O Be6 12. Qd2 Rc8 13. Kh1 Qb6 14.
Rad1 Rfe8 15. f4 Nd4 16. f5 Bd7 17. f6 Bxf6 18. Ned5 Qc6 19. Nxf6+ exf6 20. Qxd4 1-0

[Event "Early-Titled-Tuesday-Blitz-May-07-2024"]
[Site "Chess.com"]
[Date "2024.05.07"]
[Round "2"]
[White "1800_strength"]
[Black "ReinisUz"]
[Result "1-0"]
[WhiteElo "2805"]
[BlackElo "2412"]
[TimeControl "180+1"]
[EndTime "8:15:36 PDT"]
[Termination "1800_strength won by resignation"]

1. a4 a5 2. Ra3 e6 3. b3 Nf6 4.
Bb2 b6 5. Nf3 Bb7 6. g3 Bxa3 7.
Nxa3 O-O 8. Bg2 c5 9. O-O d5 10. d3 d4 11. e4 Nbd7 12. Nc4 Qc7 13. Bc1 e5 14. Nh4 g6 15. f4 Ba6 16. fxe5 Bxc4 17.
exf6 Ba6 18. Qd2 Qe5 19. Nf5 Nxf6 20. Qg5 Nh5 21. Nh6+ 1-0

[Event "Early-Titled-Tuesday-Blitz-May-07-2024"]
[Site "Chess.com"]
[Date "2024.05.07"]
[Round "2"]
[White "KarstenHansch"]
[Black "DanielDardha2005"]
[Result "0-1"]
[WhiteElo "2589"]
[BlackElo "2879"]
[TimeControl "180+1"]
[EndTime "8:15:44 PDT"]
[Termination "DanielDardha2005 won by checkmate"]

1. e4 b5 2. Bxb5 Bb7 3. Nc3 f5 4. d3 Nf6 5. Nf3 fxe4 6. dxe4 e6 7. e5 Nd5 8. Nxd5 Bxd5 9. c4 Bb4+ 10. Bd2 Bxf3 11. Qxf3 Bxd2+ 12. Kxd2 c6 13. Kc2 Rf8 14. Qh5+ g6 15. Qxh7 Qg5 16. Ba4 Rxf2+ 17. Kb3 Qe3+ 18. Kb4 a5# 0-1

[Event "Early-Titled-Tuesday-Blitz-May-07-2024"]
[Site "Chess.com"]
[Date "2024.05.07"]
[Round "2"]
[White "SHIVACalypso"]
[Black "superjem123"]
[Result "0-1"]
[WhiteElo "2540"]
[BlackElo "2746"]
[TimeControl "180+1"]
[EndTime "8:15:47 PDT"]
[Termination "superjem123 won by resignation"]

1. d4 Nf6 2. c4 g6 3. Nf3 Bg7 4.
g3 O-O 5. Bg2 d6 6. O-O c5 7.
Nc3 cxd4 8. Nxd4 Nc6 9. Be3 Bd7 10. Rc1 Ng4 11. Nxc6 Nxe3 12. Nxd8 Nxd1 13. Nd5 Rfxd8 14. Nxe7+ Kf8 15. Bxb7 Rab8 16. Nc6 Bxc6 17. Bxc6 Nxb2 18. Bd5 Na4 19. Rfd1 Nc3 20. Rd3 Nxe2+ 0-1

[Event "Early-Titled-Tuesday-Blitz-May-07-2024"]
[Site "Chess.com"]
[Date "2024.05.07"]
[Round "2"]
[White "Shield12"]
[Black "VirtualCoach"]
[Result "1-0"]
[WhiteElo "2998"]
[BlackElo "2140"]
[TimeControl "180+1"]
[EndTime "8:15:52 PDT"]
[Termination "Shield12 won by resignation"]

1. b3 Nf6 2. Bb2 g6 3. g3 Bg7 4. Nf3 O-O 5. d4 d5 6. Bg2 Nbd7 7. O-O Re8 8. c4 c6 9. Nc3 b6 10. cxd5 cxd5 11. Ne5 Bb7 12. Nd3 Rc8 13. Rc1 a6 14. e3 e6 15. Qe2 b5 16. Ba3 Qa5 17. Bb4 Qb6 18. Nc5 a5 19. Bxa5 Qxa5 20. Nxb7 Qa7 21. Nd6 b4 22. Nxc8 Rxc8 23. Nxd5 Rxc1 24. Nxf6+ Nxf6 25. Rxc1 h6 26. Rc2 Qa3 27. Qc4 Ne4 28. Bxe4 1-0

[Event "Early-Titled-Tuesday-Blitz-May-07-2024"]
[Site "Chess.com"]
[Date "2024.05.07"]
[Round "2"]
[White "watermelonattackk"]
[Black "krzyzan94"]
[Result "0-1"]
[WhiteElo "2552"]
[BlackElo "2796"]
[TimeControl "180+1"]
[EndTime "8:16:06 PDT"]
[Termination "krzyzan94 won by resignation"]

1. d4 Nf6 2. c4 d6 3. Nf3 g6 4.
g3 Bg7 5. Bg2 O-O 6. O-O c6 7.
Nc3 Qb6 8. h3 Qa6 9. b3 b5 10.
cxb5 cxb5 11. b4 Bb7 12. Bb2 Ne4 13. Nxe4 Bxe4 14. a3 Nd7 15. Rc1 Nb6 16. Rc7 Nd5 17.
Rc1 Rac8 18. Nd2 Bxg2 19. Kxg2 Nb6 20. Qb3 Qb7+ 21. Nf3 Nc4 22. e3 Qxf3+ 0-1

[Event "Early-Titled-Tuesday-Blitz-May-07-2024"]
[Site "Chess.com"]
[Date "2024.05.07"]
[Round "2"]
[White "Mikhail_Bryakin"]
[Black "Matsanovic"]
[Result "1-0"]
[WhiteElo "2886"]
[BlackElo "2600"]
[TimeControl "180+1"]
[EndTime "8:16:12 PDT"]
[Termination "Mikhail_Bryakin won by resignation"]

1. e4 c5 2. d4 cxd4 3. Qxd4 Nc6 4. Qd3 g6 5. Nc3 Bg7 6. Nf3 d6 7. Be2 Nf6 8. O-O O-O 9. Nd5 Nxd5 10. exd5 Bf5 11. Qd1 Nb4 12. c3 Nc2 13. g4 Nxa1 14. gxf5 Qb6 15. Bg5 Qxb2 16. Bxe7 Rfe8 17. f6 Bxf6 18.
Bxf6 Rxe2 19. Qxa1 Rxf2 20. Qxb2 Rxb2 21. c4 Rxa2 22.
c5 Re8 23. cxd6 Ree2 24. d7 1-0

[Event "Early-Titled-Tuesday-Blitz-May-07-2024"]
[Site "Chess.com"]
[Date "2024.05.07"]
[Round "2"]
[White "JiiHart"]
[Black "KINGOF2SOAP"]
[Result "1-0"]
[WhiteElo "2168"]
[BlackElo "2445"]
[TimeControl "180+1"]
[EndTime "8:16:14 PDT"]
[Termination "JiiHart won by checkmate"]

1. e4 d5 2. exd5 Qxd5 3. d4 Nf6 4. c4 Qe4+ 5. Be3 e6 6. Nc3 Bb4 7. Nf3 O-O 8. Bd3 Qg4 9. h3 Qxg2 10. Rh2 Bxc3+ 11.
bxc3 Qxh2 12. Nxh2 Nc6 13. Qc2 Bd7 14. Ng4 Nxg4 15.
Bxh7+ Kh8 16. hxg4 e5 17. O-O-O exd4 18. Bxd4 Bxg4 19.
Rh1 Ne7 20. Bg8+ Kxg8 21. Qh7# 1-0

[Event "Early-Titled-Tuesday-Blitz-May-07-2024"]
[Site "Chess.com"]
[Date "2024.05.07"]
[Round "2"]
[White "Suleyman_Chess06"]
[Black "RobRam"]
[Result "1-0"]
[WhiteElo "2790"]
[BlackElo "2550"]
[TimeControl "180+1"]
[EndTime "8:16:20 PDT"]
[Termination "Suleyman_Chess06 won by resignation"]

1. Nf3 d6 2. g3 g6 3. d4 Bg7 4. Bg2 Nf6 5. O-O O-O 6. c4 Nbd7 7. Nc3 e5 8. e4 a6 9. Qc2 b5 10. dxe5 dxe5 11. Rd1 c6 12. Nxe5 Qc7 13. Nxc6 Qxc6 14. e5 Qxc4 15. exf6 Nxf6 16. Bxa8 b4 17. Qe2 Qc5 18.
Ne4 Nxe4 19. Bxe4 Re8 20. Qf3 Qe5 21. Bd5 Bh3 22. Bxf7+ 1-0

[Event "Early-Titled-Tuesday-Blitz-May-07-2024"]
[Site "Chess.com"]
[Date "2024.05.07"]
[Round "2"]
[White "Msb2"]
[Black "Kunalm64"]
[Result "1-0"]
[WhiteElo "3039"]
[BlackElo "2639"]
[TimeControl "180+1"]
[EndTime "8:16:42 PDT"]
[Termination "Msb2 won by resignation"]

1. d4 Nf6 2. c4 e6 3. Nc3 Bb4 4.
e3 O-O 5. Bd2 d5 6. Nf3 b6 7.
cxd5 exd5 8. Rc1 Bb7 9. Bd3 c5 10. a3 cxd4 11. axb4 dxc3 12. Bxc3 a5 13. bxa5 bxa5 14.
O-O Nc6 15. Nd4 Nb4 16. Bb1 Ne4 17. Bxe4 dxe4 18. Qg4 Bc8 19. Nf5 1-0

[Event "Early-Titled-Tuesday-Blitz-May-07-2024"]
[Site "Chess.com"]
[Date "2024.05.07"]
[Round "2"]
[White "Cheer_Down"]
[Black "ScaccoPaccoMatto"]
[Result "0-1"]
[WhiteElo "2466"]
[BlackElo "2730"]
[TimeControl "180+1"]
[EndTime "8:16:46 PDT"]
[Termination "ScaccoPaccoMatto won by resignation"]

1. e4 c6 2. d4 d5 3. e5 c5 4.
dxc5 e6 5. a3 Bxc5 6. b4 Be7 7.
Nf3 a5 8. b5 Nd7 9. Bd3 Qc7 10.
Bb2 Nh6 11. O-O O-O 12. Re1 f6 13. exf6 Bxf6 14. Bxf6 Nxf6 15. c4 Nf7 16. Qc2 Qf4 17. Nbd2 Bd7 18. c5 Rac8 19. Rac1 e5 20. g3 Qh6 21.
Nxe5 Nxe5 22. Rxe5 Ng4 23. Rf5 Qxh2+ 0-1

[Event "Early-Titled-Tuesday-Blitz-May-07-2024"]
[Site "Chess.com"]
[Date "2024.05.07"]
[Round "2"]
[White "RantomOpening"]
[Black "JaackCamel"]
[Result "1-0"]
[WhiteElo "2505"]
[BlackElo "2271"]
[TimeControl "180+1"]
[EndTime "8:16:46 PDT"]
[Termination "RantomOpening won by resignation"]

1. Nf3 d5 2. g3 g6 3. Bg2 Bg7 4. O-O e5 5. d3 Ne7 6. c4 c6 7. Qc2 O-O 8. Nc3 a6 9. Bg5 f6 10. Bd2 Be6 11. e4 d4 12. Ne2 c5 13. Ne1 g5 14. f4 gxf4 15. gxf4 exf4 16. Nxf4 Bf7 17. Rf3 Nbc6 18. Rg3 Ne5 19. Nf3 N7c6 20. Nh4 Ng6 21. Nf5 Nce5 22. Nh5 1-0

[Event "Early-Titled-Tuesday-Blitz-May-07-2024"]
[Site "Chess.com"]
[Date "2024.05.07"]
[Round "2"]
[White "xasid81"]
[Black "rikchessmx"]
[Result "1-0"]
[WhiteElo "2639"]
[BlackElo "2389"]
[TimeControl "180+1"]
[EndTime "8:16:49 PDT"]
[Termination "xasid81 won by checkmate"]

1. h4 e5 2. d4 exd4 3. Qxd4 Nc6 4. Qd1 Bc5 5. Nf3 d6 6. Nc3 Bg4 7. e3 Nf6 8. Be2 Qe7 9. a3 a6 10. b4 Ba7 11. Bb2 O-O-O 12. Qd2 d5 13. O-O-O Bxf3 14. Bxf3 Ne5 15. Ne2 Nc4 16. Qc3 Nxb2 17. Kxb2 Kb8 18. Nd4 g6 19. h5 Ne4 20. Bxe4 dxe4 21. hxg6 Bxd4 22. Rxd4 hxg6 23. Rxh8 Rxh8 24. Rxe4 Qxe4 25. Qxh8+ Ka7 26. Qd4+ Qxd4+ 27. exd4 Kb6 28. c4 Kc6 29. Kc3 Kd6 30. Kd3 Ke6 31. Ke4 f5+ 32. Kf4 Kf6 33. g4 g5+ 34. Kf3 f4 35. Ke4 c6 36. d5 cxd5+ 37.
cxd5 Ke7 38. Ke5 Kd7 39. d6 b5 40. Kd5 Kc8 41. Kc6 Kd8 42. f3 Kc8 43. d7+ Kd8 44. Kd6 a5 45. bxa5 b4 46. a6 bxa3 47. a7 a2 48. a8=Q# 1-0

[Event "Early-Titled-Tuesday-Blitz-May-07-2024"]
[Site "Chess.com"]
[Date "2024.05.07"]
[Round "2"]
[White "aa175"]
[Black "valeriocarnicelli"]
[Result "0-1"]
[WhiteElo "2731"]
[BlackElo "2557"]
[TimeControl "180+1"]
[EndTime "8:16:54 PDT"]
[Termination "valeriocarnicelli won by resignation"]

1. d4 Nf6 2. Bf4 d5 3. e3 e6 4. Nf3 Bd6 5. Nbd2 O-O 6. Bd3 b6 7. h4 c5 8. c3 Ba6 9. Bxa6 Nxa6 10. h5 h6 11. Ne5 cxd4 12. exd4 Qc7 13. g4 Nc5 14.
Qe2 Nce4 15. f3 Nxd2 16. Kxd2 Nh7 17. Bh2 b5 18. a3 a5 19. Nd3 Ng5 20. Bxd6 Qxd6 21.
Rhf1 Qg3 22. Qf2 Qd6 23. Qe3 Rfc8 24. Qe5 Qe7 25. b4 axb4 26. axb4 Rxa1 0-1

[Event "Early-Titled-Tuesday-Blitz-May-07-2024"]
[Site "Chess.com"]
[Date "2024.05.07"]
[Round "2"]
[White "IriBu"]
[Black "Ryukchess81"]
[Result "1-0"]
[WhiteElo "2586"]
[BlackElo "2373"]
[TimeControl "180+1"]
[EndTime "8:16:57 PDT"]
[Termination "IriBu won by resignation"]

1. d4 d5 2. Nf3 Nf6 3. e3 Bg4 4. Nbd2 c6 5. h3 Bh5 6. g4 Bg6 7. Nh4 e6 8. Bg2 Nbd7 9. Nxg6 hxg6 10. b3 Bd6 11. Bb2 Qe7 12. f4 g5 13. Qf3 gxf4 14.
exf4 O-O-O 15. O-O-O Kb8 16. Kb1 c5 17. Rhe1 cxd4 18.
Bxd4 Nc5 19. Qf2 Rc8 20. g5 Nfd7 21. Bxg7 Rh7 22. Bd4 b6 23. Re3 Na6 24. c4 Nb4 25. Bxd5 Nxd5 26. cxd5 Ba3 27. Nc4 Rxc4 28. bxc4 Qb4+ 29.
Rb3 Qxc4 30. Rxa3 1-0

[Event "Early-Titled-Tuesday-Blitz-May-07-2024"]
[Site "Chess.com"]
[Date "2024.05.07"]
[Round "2"]
[White "tetrix83"]
[Black "nihalsarin"]
[Result "0-1"]
[WhiteElo "2662"]
[BlackElo "3143"]
[TimeControl "180+1"]
[EndTime "8:16:58 PDT"]
[Termination "nihalsarin won by resignation"]

1. Nf3 Nc6 2. e4 d5 3. exd5 Qxd5 4. Nc3 Qh5 5. Bb5 Bd7 6. O-O a6 7. Ba4 O-O-O 8. d4 Nf6 9. Bf4 b5 10. Bb3 Bg4 11. d5 e5 12. Be3 e4 13. Qc1 Bxf3 14.
gxf3 exf3 15. Kh1 Ng4 16. Bf4 Qh3 0-1

[Event "Early-Titled-Tuesday-Blitz-May-07-2024"]
[Site "Chess.com"]
[Date "2024.05.07"]
[Round "2"]
[White "MFatigue"]
[Black "AnaKuchava"]
[Result "1-0"]
[WhiteElo "2476"]
[BlackElo "2183"]
[TimeControl "180+1"]
[EndTime "8:16:59 PDT"]
[Termination "MFatigue won by resignation"]

1. e4 c5 2. a3 Nc6 3. b4 cxb4 4. axb4 Nxb4 5. c3 Nc6 6. d4 d5 7. exd5 Qxd5 8. Na3 e6 9. Nb5 Qd8 10. d5 exd5 11.
Bf4 Qe7+ 12. Be2 Ne5 13. Qxd5 f6 14. Bxe5 fxe5 15. Nf3 Nf6 16. Qxe5 Qxe5 17. Nxe5 Bd7 18. Nc7+ 1-0

[Event "Early-Titled-Tuesday-Blitz-May-07-2024"]
[Site "Chess.com"]
[Date "2024.05.07"]
[Round "2"]
[White "catalin009"]
[Black "Budisavljevic"]
[Result "1-0"]
[WhiteElo "2557"]
[BlackElo "2736"]
[TimeControl "180+1"]
[EndTime "8:17:12 PDT"]
[Termination "catalin009 won by resignation"]

1. e4 d5 2. exd5 Nf6 3. Nc3 Nxd5 4. Nxd5 Qxd5 5. Nf3 e5 6. d4 Nc6 7. Nxe5 Nxe5 8. dxe5 Qxe5+ 9. Qe2 Bd6 10. Qxe5+ Bxe5 11. Bd3 Be6 12. O-O O-O-O 13. Re1 Bf6 14. a4 g5 15. a5 h5 16. Be3 Kb8 17. Ra4 g4 18. Rb4 Be7 19. Re4 Bd6 20. Bg5 Rd7 21. Bc4 Bb4 22. Bxe6 fxe6 23. Rxb4 Rd5 24. Bf4 Rf8 25. g3 Rxa5 26.
Rxe6 h4 27. gxh4 Raf5 28. Bg3 a5 29. Rxg4 b5 30. Rg7 Rc5 31. h5 a4 32. h6 b4 33. Rb6+ 1-0

[Event "Early-Titled-Tuesday-Blitz-May-07-2024"]
[Site "Chess.com"]
[Date "2024.05.07"]
[Round "2"]
[White "sokidze"]
[Black "rookpower2004"]
[Result "1-0"]
[WhiteElo "2824"]
[BlackElo "2568"]
[TimeControl "180+1"]
[EndTime "8:17:14 PDT"]
[Termination "sokidze won by resignation"]

1. d4 d5 2. c4 e6 3. Nf3 Nf6 4. g3 Be7 5. Bg2 O-O 6. Qc2 b6 7. O-O Bb7 8. cxd5 Bxd5 9. Nc3 Bb7 10. e4 c5 11. Rd1 cxd4 12. Nxd4 Nbd7 13. e5 Nxe5 14.
Bxb7 Rb8 15. Nxe6 fxe6 16. Rxd8 Rfxd8 17. Bg2 Bc5 18. Bf4 Nfg4 19. Ne4 Bd4 20. h3 Nf6 21.
Nxf6+ gxf6 22. Rd1 Rbc8 23. Qb3 Kf7 24. Kh2 Bxf2 25.
Rxd8 Rxd8 26. Bxe5 1-0

[Event "Early-Titled-Tuesday-Blitz-May-07-2024"]
[Site "Chess.com"]
[Date "2024.05.07"]
[Round "2"]
[White "NikitaShnadrygin"]
[Black "DarZay"]
[Result "1-0"]
[WhiteElo "2694"]
[BlackElo "2333"]
[TimeControl "180+1"]
[EndTime "8:17:28 PDT"]
[Termination "NikitaShnadrygin won by checkmate"]

1. e4 c5 2. Nf3 Nc6 3. d4 cxd4 4. Nxd4 Nf6 5. Nc3 d6 6. f3 g6 7. Be3 Bg7 8. Qd2 O-O 9. O-O-O Bd7 10. g4 a6 11. h4 b5 12. h5 gxh5 13. g5 Ne8 14.
Rxh5 Qa5 15. Kb1 Nxd4 16. Bxd4 Be6 17. Nd5 Qxd2 18. Nxe7+ Kh8 19. Rxd2 Bxd4 20. Rxd4 Ra7 21. Nd5 Ng7 22. Rh6 Bxd5 23. Rxd5 Ne6 24. Bh3 Nf4 25.
Rdxd6 Rg8 26. Bf5 Rxg5 27. Rxh7+ Kg8 28. Rd8# 1-0

[Event "Early-Titled-Tuesday-Blitz-May-07-2024"]
[Site "Chess.com"]
[Date "2024.05.07"]
[Round "2"]
[White "mishanick"]
[Black "MikeWizard"]
[Result "1-0"]
[WhiteElo "3045"]
[BlackElo "2040"]
[TimeControl "180+1"]
[EndTime "8:17:32 PDT"]
[Termination "mishanick won by resignation"]

1. d4 Nf6 2. c4 g6 3. Nc3 Bg7 4. e4 d6 5. Bd3 Nc6 6. Nge2 O-O 7. O-O e5 8. d5 Nd4 9. Nxd4 exd4 10. Ne2 Nd7 11. Bc2 c5 12. dxc6 bxc6 13. Nxd4 Qb6 14.
Ne2 Ne5 15. Bb3 Be6 16. Be3 c5 17. Rc1 f5 18. Nf4 Rae8 19. Ba4 Re7 20. Nxe6 Rxe6 21.
exf5 Rxf5 22. b3 Nc6 23. Qg4 h5 24. Qh3 Rfe5 25. Rcd1 Re4 26. Bxc6 Qxc6 27. Rd5 R4e5 28. Rfd1 Rxd5 29. Qxe6+ 1-0

[Event "Early-Titled-Tuesday-Blitz-May-07-2024"]
[Site "Chess.com"]
[Date "2024.05.07"]
[Round "2"]
[White "2346PL"]
[Black "average_trans"]
[Result "1-0"]
[WhiteElo "2533"]
[BlackElo "2327"]
[TimeControl "180+1"]
[EndTime "8:17:32 PDT"]
[Termination "2346PL won by resignation"]

1. d4 a6 2. e4 b5 3. c4 bxc4 4. Bxc4 Bb7 5. Nc3 e6 6. d5 exd5 7. exd5 Bc5 8. Qg4 Qf6 9. Nf3 Ne7 10. O-O O-O 11. Ne4 Qb6 12. Nxc5 Qxc5 13. Be3 Qa5 14. Bd4 Ng6 15. h4 f6 16. h5 Ne5 17. Nxe5 fxe5 18.
Bxe5 Rf7 19. b4 Qxb4 20. Rab1 Qe7 21. Bxg7 Bc8 22. Bf6+ 1-0

[Event "Early-Titled-Tuesday-Blitz-May-07-2024"]
[Site "Chess.com"]
[Date "2024.05.07"]
[Round "2"]
[White "highlama"]
[Black "IwkooO"]
[Result "0-1"]
[WhiteElo "2385"]
[BlackElo "2698"]
[TimeControl "180+1"]
[EndTime "8:17:36 PDT"]
[Termination "IwkooO won by checkmate"]

1. c4 c6 2. Nf3 Nf6 3. g3 g6 4. Bg2 Bg7 5. O-O O-O 6. d4 d5 7. b3 a5 8. Nc3 Na6 9. cxd5 Nxd5 10.
Nxd5 Qxd5 11. Ba3 Qd8 12. Qd2 Nc7 13. e4 Bg4 14. Rfd1 Nb5 15. Bb2 a4 16. Rab1 axb3 17. axb3 Ra2 18. Qe3 Qb6 19. h3 Bxf3 20. Bxf3 Rxb2 21.
Rxb2 Bxd4 22. Rxd4 Qxd4 23. Qxd4 Nxd4 24. Bd1 Ra8 25. Rd2 e5 26. Kg2 f6 27. f4 Kf7 28. g4 Ke7 29. g5 Rd8 30. gxf6+ Kxf6 31. fxe5+ Kxe5 32. Rf2 Ne6 33. Bg4 Nf4+ 34. Kg3 Rd3+ 35. Kh4 h6 36. Bc8 g5+ 37. Kg4 Rxh3 38. Bxb7 Rxb3 39. Bxc6 Kf6 40. Bd5 h5# 0-1

[Event "Early-Titled-Tuesday-Blitz-May-07-2024"]
[Site "Chess.com"]
[Date "2024.05.07"]
[Round "2"]
[White "ravengelic"]
[Black "vugarrasulov"]
[Result "0-1"]
[WhiteElo "2628"]
[BlackElo "2965"]
[TimeControl "180+1"]
[EndTime "8:17:38 PDT"]
[Termination "vugarrasulov won by resignation"]

1. d4 d5 2. Bf4 e6 3. e3 Bd6 4. Bg3 Ne7 5. Nd2 Nf5 6. Bxd6 Nxd6 7. Ngf3 b6 8. c3 c5 9. Bd3 h6 10. O-O O-O 11. Ne5 Ba6 12. Qh5 Bxd3 13. Nxd3 Nd7 14. Nf4 Nf6 15. Qh3 Rc8 16. Nh5 Nxh5 17. Qxh5 Qf6 18. a4 a5 19. Nf3 Nc4 20. b3 Nd6 21.
Ne5 Rc7 22. f3 cxd4 23. cxd4 Rfc8 24. h3 Qf5 25. Qh4 Qg5 26. Qxg5 hxg5 27. f4 gxf4 28. Rxf4 f6 29. Ng6 Ne4 30. Kh2 Kh7 31. Rxe4 dxe4 32. Nf4 Rc6 33. h4 Kg8 34. h5 Kf7 35. Rb1 Rc1 36.
Rxc1 Rxc1 37. d5 e5 38. Ne6 Rc3 39. Nd8+ Ke7 40. Ne6 Kf7 41. Nd8+ Kg8 42. d6 Rd3 43. Nb7 Kf7 44. Kg1 Ke6 45. Kf2 Kd7 46. b4 axb4 47. a5 bxa5 48. Nc5+ Kxd6 49. Nxe4+ Ke7 0-1

[Event "Early-Titled-Tuesday-Blitz-May-07-2024"]
[Site "Chess.com"]
[Date "2024.05.07"]
[Round "2"]
[White "ural58"]
[Black "arnash_bauyrzhan"]
[Result "1-0"]
[WhiteElo "2521"]
[BlackElo "2299"]
[TimeControl "180+1"]
[EndTime "8:17:39 PDT"]
[Termination "ural58 won on time"]

1. e4 c5 2. Nf3 e6 3. b3 Nc6 4. Bb2 d5 5. Bb5 a6 6. Bxc6+ bxc6 7. Qe2 Nf6 8. d3 Be7 9. Nbd2 O-O 10. Ne5 Qc7 11. f4 a5 12. a4 Ba6 13. c4 Rab8 14. g4 1-0

[Event "Early-Titled-Tuesday-Blitz-May-07-2024"]
[Site "Chess.com"]
[Date "2024.05.07"]
[Round "2"]
[White "Masterbeaterr"]
[Black "Shota_Azaladze"]
[Result "0-1"]
[WhiteElo "2447"]
[BlackElo "2714"]
[TimeControl "180+1"]
[EndTime "8:17:41 PDT"]
[Termination "Shota_Azaladze won by resignation"]

1. d4 Nf6 2. c4 e6 3. Nc3 Bb4 4. f3 Bxc3+ 5. bxc3 d6 6. e4 e5 7. Bg5 h6 8. Bh4 Nc6 9. d5 Ne7 10. Bd3 Ng6 11. Bf2 Nf4 12. g3 Nxd3+ 13. Qxd3 b6 14. Ne2 O-O 15. O-O Nd7 16. f4 Qe7 17. Be3 exf4 18.
gxf4 f5 19. exf5 Re8 20. Rf3 Ba6 21. Ng3 Nf6 22. Bf2 Qf7 23. Re1 Rxe1+ 24. Bxe1 Re8 25.
Bf2 Qd7 26. Bd4 Nxd5 27. f6 Qg4 28. fxg7 Nxf4 29. Qf1 Nh3+ 30. Kg2 Bb7 31. Qd3 Nf4+ 0-1

[Event "Early-Titled-Tuesday-Blitz-May-07-2024"]
[Site "Chess.com"]
[Date "2024.05.07"]
[Round "2"]
[White "ilqar_74"]
[Black "Cipy77"]
[Result "1-0"]
[WhiteElo "2847"]
[BlackElo "2574"]
[TimeControl "180+1"]
[EndTime "8:17:44 PDT"]
[Termination "ilqar_74 won by resignation"]

1. e4 c5 2. Nf3 d6 3. d4 cxd4 4. Nxd4 Nf6 5. Nc3 Nc6 6. Be2 g6 7. Be3 Bg7 8. O-O O-O 9. Qd2 Bd7 10. Rfd1 Rc8 11. h3 Nxd4 12. Bxd4 a6 13. f4 Bc6 14. e5 dxe5 15. fxe5 Ne4 16. Nxe4 Bxe4 17. c4 Qc7 18. Qe3 Bc6 19. e6 Bxd4 20. Rxd4 f6 21. Rad1 Rfd8 22. b4 Kg7 23. c5 Ba4 24. R1d2 a5 25. a3 axb4 26. axb4 b6 27. Rxd8 Rxd8 28. Rxd8 Qxd8 29. cxb6 Bc6 30. Qc5 Bb7 31. Kh2 Qd2 32. Qxe7+ Kh6 33. Qxb7 Qxe2 34. Qc7 1-0

[Event "Early-Titled-Tuesday-Blitz-May-07-2024"]
[Site "Chess.com"]
[Date "2024.05.07"]
[Round "2"]
[White "klifus"]
[Black "szachmistrz2500"]
[Result "1-0"]
[WhiteElo "2217"]
[BlackElo "2461"]
[TimeControl "180+1"]
[EndTime "8:17:46 PDT"]
[Termination "klifus won by resignation"]

1. e4 e6 2. d3 c5 3. Nf3 Nc6 4. g3 g6 5. Bg2 Bg7 6. O-O Nge7 7. Re1 e5 8. Be3 b6 9. Qd2 O-O 10. Bh6 d5 11. Bxg7 Kxg7 12. exd5 Nxd5 13. Nc3 Bb7 14.
Nxe5 Nd4 15. f4 Re8 16. Nxd5 Bxd5 17. c3 Rxe5 18. Rxe5 Nf3+ 19. Bxf3 Bxf3 20. Qe3 Bc6 21. Re1 Qd6 22. c4 Rd8 23. Re7 Qxd3 24. Qxd3 Rxd3 25. Rxa7 Rd2 26. Ree7 Rxb2 27. Rxf7+ Kg8 28. Rg7+ Kf8 29. Rxh7 Rg2+ 30. Kf1 Kg8 31. Rag7+ Kf8 32. Rc7 Kg8 33. Rhe7 1-0

[Event "Early-Titled-Tuesday-Blitz-May-07-2024"]
[Site "Chess.com"]
[Date "2024.05.07"]
[Round "2"]
[White "Ziyamammadov"]
[Black "ChessSG1"]
[Result "0-1"]
[WhiteElo "1975"]
[BlackElo "2434"]
[TimeControl "180+1"]
[EndTime "8:17:52 PDT"]
[Termination "ChessSG1 won by resignation"]

1. e4 c5 2. Nf3 g6 3. d4 cxd4 4. Nxd4 Nc6 5. Nc3 Bg7 6. Be3 Nf6 7. f3 O-O 8. Qd2 d5 9. Nxc6 bxc6 10. O-O-O Rb8 11.
Bxa7 Ra8 12. Bd4 Qa5 13. a3 c5 14. Bxf6 Bxf6 15. Nxd5 Bxb2+ 16. Kb1 Qxa3 17. c3 Qb3 18. Qxb2 Qxd1+ 19. Qc1 Ra1+ 20. Kb2 Qxc1+ 0-1